 Dungeon Crawl Stone Soup version 0.31-a0-268-g4392ee761c (webtiles) character file.

Game seed: 7680960601001730681

316 qw the Shooter (level 6, -19/37 HPs)
             Began as a Gargoyle Hexslinger on July 14, 2023.
             Was an Initiate of Okawaru.
             Demolished by an ogre
             ... wielding a +0 giant spiked club
              (29 damage)
             ... on level 5 of the Dungeon.
             The game lasted 00:01:22 (2839 turns).

qw the Shooter (Gargoyle Hexslinger)                Turns: 2839, Time: 00:01:22

Health: -19/37     AC: 10    Str: 12    XL:     6   Next: 44%
Magic:  7/7        EV: 10    Int: 13    God:    Okawaru [......]
Gold:   176        SH:  0    Dex: 14    Spells: 6/7 levels left

rFire   . . .        Y - +2 sling
rCold   . . .        (no shield)
rNeg    + . .        j - +0 ring mail
rPois   inf          (no helmet)
rElec   +            d - +0 cloak
rCorr   .            (no gloves)
SInv    .            (no boots)
Will    .....        (no amulet)
Stlth   +            (no ring)
HPRegen 0.26/turn    (no ring)
MPRegen 0.10/turn

%: no passive effects
@: no status effects
A: sickness immunity, AC +4, negative energy resistance 1, electricity
resistance, torment resistance 1, petrification resistance
a: Renounce Religion


You were on level 5 of the Dungeon.
You worshipped Okawaru.
Okawaru was noncommittal.
You visited 2 branches of the dungeon, and saw 6 of its levels.

You collected 176 gold pieces.


Innate Abilities, Weirdness & Mutations

You are immune to sickness and miasma.
Your stone body is resilient. (AC +4)
You are immune to poison.
You resist negative energy. (rN+)
You are resistant to electric shocks. (rElec)
You are resistant to unholy torment.
You are immune to petrification.


   Skills:
 - Level 3.0 Fighting
 + Level 5.9 Ranged Weapons
 - Level 1.0 Armour
 - Level 1.5 Dodging
 - Level 1.0 Spellcasting
 - Level 2.6 Hexes


You had 6 spell levels left.
You knew the following spells:

 Your Spells              Type           Power      Damage    Failure   Level
a - Slow                  Hex            28%        N/A       22%         1

Your spell library contained the following spells:

 Spells                   Type           Power      Damage    Failure   Level
 Inner Flame              Hex/Fire       4%         N/A       73%         3
 Portal Projectile        Hex/Tloc       8%         N/A       73%         3
 Cause Fear               Hex            3%         N/A       91%         4

Inventory:

Hand Weapons
 Y - a +2 sling (weapon)
Armour
 d - a +0 cloak (worn)
 j - a +0 ring mail (worn)
Scrolls
 b - a scroll of identify
Potions
 a - a potion of cancellation
 f - a potion of curing
 k - a potion of haste {unknown}

Dungeon Overview and Level Annotations

Branches:
Dungeon (5/15)             Temple (1/1) D:4

Altars:
Ashenzari
Cheibriados
Dithmenos
Fedhas
Hepliaklqana
Kikubaaqudgha
Makhleb
Nemelex Xobeh
Okawaru
Qazlal
Sif Muna
Trog
Uskayaw
Vehumet
Wu Jian
Xom
Yredelemnul
Zin
The Shining One


Message History

Found a shimmering blue altar of Sif Muna.
Found Sif Muna's Anthology of Interference.
There is an open door here.
There is an open door here.
Found a stone staircase leading down.
An orc comes into view. It is wielding a +0 club.
The orc shouts!
You shoot a sling bullet. The sling bullet hits the orc.
The orc is moderately wounded.
You shoot a sling bullet. The sling bullet barely misses the orc.
You shoot a sling bullet. The sling bullet barely misses the orc.
An iguana comes into view.
The iguana moves out of view.
You shoot a sling bullet. The sling bullet hits the orc!
You kill the orc!
Okawaru accepts your kill.
An ogre comes into view. It is wielding a +0 giant spiked club.
The ogre shouts!
You shoot a sling bullet.
The sling bullet barely misses the ogre.
You shoot a sling bullet.
The sling bullet barely misses the ogre.
You shoot a sling bullet.
The sling bullet barely misses the ogre.
You shoot a sling bullet.
The sling bullet barely misses the ogre.
You shoot a sling bullet.
The sling bullet barely misses the ogre.
The sling bullet hits the iguana but does no damage.
The ogre closely misses you.
You shoot a sling bullet. The sling bullet hits the ogre.
The ogre is lightly wounded.
The ogre hits you with a +0 giant spiked club!!
Ouch! That really hurt!
You shoot a sling bullet. The sling bullet hits the ogre.
The ogre is moderately wounded.
The iguana bites you.
The ogre hits you with a +0 giant spiked club!!
Ouch! That really hurt!
You die...

#.<#...#######
#......#.....#
.##.....'.._..#
........#.....#
#........#######
#..............#
#..........###...
........).##
...........@#
........lO#
.##.#..##.# ####>
... .. ....
#....... ..
...... ....###


You could see an ogre and an iguana.

Vanquished Creatures
  A jelly (D:5)
  2 hounds (D:4)
  An orc priest (D:4)
  7 adders
  3 gnolls (D:4)
  3 dart slugs
  21 orcs
  5 bats
  2 endoplasms
  3 giant cockroaches
  5 goblins
  6 hobgoblins
  6 kobolds
  4 quokkas
  6 ball pythons
  2 frilled lizards
  3 rats
80 creatures vanquished.

Notes
Turn   | Place    | Note
-------+----------+-------------------------------------------
     0 | D:1      | qw the Gargoyle Hexslinger began the quest for the Orb.
     0 | D:1      | Reached XP level 1. HP: 12/12 MP: 2/2
     0 | D:1      | 0 ||| qw: Version: 0.3-a-52-g30416fa
     0 | D:1      | 0 ||| qw: Game counter: 7924
     0 | D:1      | 0 ||| qw: Melee chars always use a shield: true
     0 | D:1      | 0 ||| qw: God list: Okawaru
     0 | D:1      | 0 ||| qw: Allow faded altars: false
     0 | D:1      | 0 ||| qw: Do Orc after clearing Dungeon:15 true
     0 | D:1      | 0 ||| qw: Do second Lair branch before Depths: true
     0 | D:1      | 0 ||| qw: Lair rune preference: random
     0 | D:1      | 0 ||| qw: Goals: Normal
     0 | D:1      | 0 ||| PLANNING D:1-11
   188 | D:1      | Reached XP level 2. HP: 16/16 MP: 3/3
   655 | D:1      | Reached skill level 3 in Ranged Weapons
   694 | D:1      | 694 ||| UPGRADING to +0 cloak.
   699 | D:1      | 699 ||| UPGRADING to +0 leather armour.
   709 | D:1      | 709 ||| DROPPING +0 robe.
   710 | D:1      | 710 ||| UPGRADING to +0 ring mail.
   720 | D:1      | 720 ||| DROPPING +0 leather armour.
   721 | D:1      | 721 ||| READING scroll labelled NARCHI ENIOZU.
   722 | D:1      | 722 ||| READING scroll labelled MOCHUI QODIL.
   723 | D:1      | 723 ||| READING scroll labelled OWISMU QIWAUL.
   734 | D:1      | 734 ||| READING scroll labelled YLEGIG REROIPLOKH.
   735 | D:1      | 735 ||| DROPPING scroll of poison.
   868 | D:2      | Reached XP level 3. HP: 21/21 MP: 4/4
  1043 | D:2      | Found a faded altar of an unknown god.
  1100 | D:2      | Reached skill level 1 in Armour
  1206 | D:2      | 1206 ||| READING scroll labelled REYSMU KIGIMAEKK.
  1207 | D:2      | 1207 ||| READING 2 scrolls of identify.
  1207 | D:2      | 1207 ||| IDENTIFYING smoky purple potion
  1372 | D:3      | Reached XP level 4. HP: 26/26 MP: 5/5
  1443 | D:3      | Reached skill level 4 in Ranged Weapons
  1558 | D:3      | Found a hide-covered altar of Uskayaw.
  1848 | D:3      | 1848 ||| READING scroll labelled OPLYOG CUROTHRU.
  1849 | D:3      | 1849 ||| READING scroll labelled MUALUI MAELAAG.
  1854 | D:3      | 1854 ||| DRINKING 2 coppery potions.
  1855 | D:3      | 1855 ||| READING 2 scrolls of identify.
  1855 | D:3      | 1855 ||| IDENTIFYING fizzy clear potion
  1856 | D:3      | 1856 ||| DROPPING potion of attraction.
  1879 | D:4      | Reached XP level 5. HP: 30/30 MP: 6/6
  1885 | D:4      | 1885 ||| STAIRDANCE
  1947 | D:4      | 1947 ||| STAIRDANCE
  2053 | D:4      | Reached skill level 5 in Ranged Weapons
  2138 | D:4      | HP: 8/32 [orc/+0 war axe (8)]
  2139 | D:4      | HP: 2/32 [orc/+0 war axe (6)]
  2163 | D:4      | 2163 ||| FLEEEEING.
  2164 | D:4      | 2164 ||| FLEEEEING.
  2165 | D:4      | 2165 ||| FLEEEEING.
  2166 | D:4      | 2166 ||| FLEEEEING.
  2167 | D:4      | 2167 ||| FLEEEEING.
  2168 | D:4      | 2168 ||| FLEEEEING.
  2169 | D:4      | 2169 ||| FLEEEEING.
  2170 | D:4      | 2170 ||| FLEEEEING.
  2171 | D:4      | 2171 ||| FLEEEEING.
  2172 | D:4      | 2172 ||| FLEEEEING.
  2173 | D:4      | 2173 ||| FLEEEEING.
  2174 | D:4      | 2174 ||| FLEEEEING.
  2175 | D:4      | 2175 ||| FLEEEEING.
  2176 | D:4      | 2176 ||| FLEEEEING.
  2177 | D:4      | 2177 ||| FLEEEEING.
  2178 | D:4      | 2178 ||| FLEEEEING.
  2179 | D:4      | 2179 ||| STAIRDANCE
  2265 | D:4      | Reached skill level 3 in Fighting
  2319 | D:4      | Found a staircase to the Ecumenical Temple.
  2320 | D:4      | 2320 ||| PLANNING TEMPLE
  2328 | Temple   | Entered the Ecumenical Temple
  2329 | Temple   | 2329 ||| PLANNING OKAWARU WORSHIP
  2498 | Temple   | Became a worshipper of Warmaster Okawaru
  2499 | Temple   | 2499 ||| PLANNING D:1-11
  2541 | D:4      | Reached XP level 6. HP: 34/37 MP: 7/7
  2763 | D:4      | 2763 ||| READING scroll labelled DUWIEH RUCAN.
  2764 | D:4      | 2764 ||| READING 2 scrolls of identify.
  2764 | D:4      | 2764 ||| IDENTIFYING amethyst potion
  2765 | D:4      | 2765 ||| DROPPING potion of ambrosia.
  2805 | D:5      | Entered Level 5 of the Dungeon
  2818 | D:5      | Found a shimmering blue altar of Sif Muna.
  2839 | D:5      | Demolished by an ogre

Levels and vault maps discovered:
D:1:      matt_arrival_refuge, layout_loops_ring, minmay_misc_feat_iff
D:2:      layout_basic, dreamdust_ecumenical_altar_hidden_monk_grotto
D:3:      layout_rooms, mainiacjoe_overflow_chevrons, serial_bayou_ford_a,
          nicolae_half_adder
D:4:      layout_rooms, temple_hall
D:5:      layout_cave_pools, nicolae_sif_muna_little_library,
          gammafunk_ghost_cemetery
Temple:   nicolae_temple_bog_church

Skill      XL: |  1  2  3  4  5 |
---------------+----------------+-----
Ranged Weapons | 3 4 5 |  5.9
Fighting       | 2 3 |  3.0
Armour         | 1 |  1.0
Dodging        | |  1.5
Spellcasting   | |  1.0
Hexes          | |  2.6

Action                     |  1- 3 |  4- 6 || total
---------------------------+-------+-------++-------
   Fire: Sling             |   107 |   209 ||   316
    Use: Scroll            |     6 |     5 ||    11
         Potion            |       |     1 ||     1
 Armour: Robe              |     3 |       ||     3
         Ring mail         |    31 |    82 ||   113
  Dodge: Dodged            |    42 |    79 ||   121

Table legend:
 A = Non-vault XP
 B = Vault XP
 C = Vault XP percentage of total XP
 D = Non-vault monster count
 E = Vault monster count
 F = Vault count percentage of total count
                 A         B        C        D         E       F
            +---------+---------+-------+---------+---------+-------
      Total |     399 |      53 |  11.7 |      76 |       4 |   5.0
            +---------+---------+-------+---------+---------+-------
        D:1 |      21 |       0 |   0.0 |      12 |       0 |   0.0
        D:2 |      24 |       0 |   0.0 |      12 |       0 |   0.0
        D:3 |      75 |      53 |  41.4 |      23 |       4 |  14.8
        D:4 |     230 |       0 |   0.0 |      27 |       0 |   0.0
        D:5 |      49 |       0 |   0.0 |       2 |       0 |   0.0
            +---------+---------+-------+---------+---------+-------
